[Event "*** Titled Tuesday Blitz"]
[Site "Chess.com"]
[Date "2019.03.05"]
[Round "10"]
[White "W_Amadeus"]
[Black "mikhaillushenkov"]
[Result "1-0"]
[WhiteElo "2646"]
[BlackElo "2609"]
[TimeControl "180+2"]
[EndTime "15:29:36 PST"]
[Termination "W_Amadeus won by resignation"]

1. e4 e6 2. d4 d5 3. Bd3 c5 4.
exd5 exd5 5. Nf3 Nc6 6. O-O cxd4 7. Nbd2 Bc5 8. Nb3 Bb6 9. Bb5 Ne7 10. Nbxd4 O-O 11. h3 a6 12. Be2 Nf5 13. Nxf5 Bxf5 14. Bd3 Qd7 15. Bf4 Rfe8 16. c3 h6 17. Bg3 Bxh3 18.
gxh3 Qxh3 19. Nd4 Nxd4 20. cxd4 h5 21. Qf3 g6 22. Qg2 Qg4 23. Be5 Qxg2+ 24. Kxg2 Re6 25. Rad1 f6 26. Bg3 Kg7 27. Bc2 g5 28. Bb3 h4 29.
Bxd5 Re2 30. Bxb7 Rd8 31. Bh2 Rxb2 32. Bf3 Rxd4 33. Rxd4 Bxd4 34. a4 f5 35. Bd5 g4 36.
Bf4 g3 37. Kh3 Bxf2 38. Be5+ 1-0

[Event "*** Titled Tuesday Blitz"]
[Site "Chess.com"]
[Date "2019.03.05"]
[Round "10"]
[White "Arystanner"]
[Black "Alopekos"]
[Result "1-0"]
[WhiteElo "2650"]
[BlackElo "2458"]
[TimeControl "180+2"]
[EndTime "15:29:37 PST"]
[Termination "Arystanner won by resignation"]

1. e4 e5 2. Nf3 Nc6 3. Bc4 Nf6 4.
d3 Be7 5. c3 O-O 6. O-O d6 7.
a4 Kh8 8. Nbd2 Ng8 9. d4 f5 10. dxe5 fxe4 11. Nxe4 Rxf3 12. Qxf3 d5 13. Ba2 dxe4 14.
Qxe4 g6 15. Be3 Bf5 16. Qf4 h6 17. Rad1 Qf8 18. Qg3 Kh7 19. f4 Bc5 20. b4 Bxe3+ 21. Qxe3 a6 22. h3 h5 23. Kh2 Nh6 24. e6 Re8 25. Rd7+ Re7 26. Rfd1 Qf6 27. Rxe7+ Nxe7 28. Rd7 Qh4 29. Kg1 Ng8 30. Rxc7 b5 31. axb5 axb5 32.
c4 Qf6 33. Qe5 Qxe5 34. fxe5 Bxe6 35. cxb5 Bxa2 36. b6 Bd5 37. b7 Bxb7 38. Rxb7 Kh6 39. b5 Nd5 40. b6 Nge7 41. Rd7 Nxb6 42. Rxe7 Kg5 43. Rf7 Nc4 44. e6 Nd6 45. Rf8 Nf5 46.
Rxf5+ 1-0

[Event "*** Titled Tuesday Blitz"]
[Site "Chess.com"]
[Date "2019.03.05"]
[Round "10"]
[White "andrzej"]
[Black "Poghosyan_Suren"]
[Result "0-1"]
[WhiteElo "2299"]
[BlackElo "2487"]
[TimeControl "180+2"]
[EndTime "15:29:38 PST"]
[Termination "Poghosyan_Suren won on time"]

1. d4 Nf6 2. Bg5 e6 3. e4 h6 4.
Bxf6 Qxf6 5. c3 d5 6. Bd3 dxe4 7. Bxe4 g6 8. Nf3 Bg7 9. O-O O-O 10. Ne5 c5 11. Qb3 cxd4 12. cxd4 Qe7 13. Nc3 Nd7 14. Nxd7 Bxd7 15. Rfe1 Bxd4 16. Rad1 Qc5 17. Rxd4 Qxd4 18. Rd1 Qb6 19. Rxd7 Qxb3 20. axb3 Rfd8 21. Rxb7 Rab8 22. Rxb8 Rxb8 23. Bc2 Rd8 24. Kf1 Rd2 25. Bd1 Rxb2 26. Nb5 a5 27. Na3 Ra2 28. Nc4 Kf8 29. g3 Ke7 30. h4 f6 31. Kg2 e5 32. Kf3 Ke6 33. Ke3 f5 34. Be2 h5 35. Bd1 Kd5 36. Bf3+ e4 37. Be2 Kc5 38. Ne5 Rb2 39. Bd1 Rb1 40.
Kd2 Rb2+ 41. Ke3 Rb1 42. Kd2 Kd4 43. Nxg6 Rb2+ 44. Bc2 Ra2 45. Nf4 Ra1 46. Nxh5 Rf1 47. Ke2 Rc1 48. Bd1 Ra1 49. Nf4 Ra2+ 50. Ke1 e3 51.
fxe3+ Kxe3 52. Nd5+ Kd4 53. Nf4 Rh2 54. Be2 Ke3 55.
Bc4 Kf3 56. h5 Kxg3 57. Nd5 Rxh5 58. Nb6 f4 59. Nd5 f3 0-1

[Event "*** Titled Tuesday Blitz"]
[Site "Chess.com"]
[Date "2019.03.05"]
[Round "10"]
[White "SF-96"]
[Black "xLuring1"]
[Result "1-0"]
[WhiteElo "2563"]
[BlackElo "2408"]
[TimeControl "180+2"]
[EndTime "15:29:39 PST"]
[Termination "SF-96 won by resignation"]

1. e4 c5 2. Nf3 Nc6 3. d4 cxd4 4. Nxd4 Qc7 5. Nc3 e6 6. Be3 a6 7. Nxc6 dxc6 8. Bd3 e5 9. O-O Nf6 10. h3 Be7 11. f4 exf4 12. Bxf4 Qb6+ 13. Kh2 O-O 14.
e5 Nd5 15. Ne4 Nxf4 16. Rxf4 Qxb2 17. Qh5 g6 18. Qh6 Qxe5 19. Rf1 Qg7 20. Qxg7+ Kxg7 21. Bc4 f5 22. Ng3 h5 23. Rd1 Bf6 24. Rf3 Be5 25. Kg1 b5 26. Bb3 Ra7 27. Ne2 Re7 28. a4 Rfe8 29. axb5 cxb5 30. Rfd3 Bb8 31. Nd4 Bg3 32.
Rxg3 Kf6 33. Nc6 Re1+ 34. Rxe1 Rxe1+ 35. Kf2 Ra1 36. Rd3 a5 37. Rd6+ Kg5 38. Ne7 a4 39.
g3 Kh6 40. Bg8 Kg7 41. Rxg6+ Kf8 42. Nxc8 a3 43. Be6 1-0

[Event "*** Titled Tuesday Blitz"]
[Site "Chess.com"]
[Date "2019.03.05"]
[Round "10"]
[White "Hieronymus00"]
[Black "Stephenzinho"]
[Result "0-1"]
[WhiteElo "2209"]
[BlackElo "2381"]
[TimeControl "180+2"]
[EndTime "15:29:40 PST"]
[Termination "Stephenzinho won by resignation"]

1. e4 e5 2. Nf3 Nc6 3. Bb5 a6 4. Ba4 Nf6 5. O-O Be7 6. Re1 b5 7. Bb3 d6 8. c3 O-O 9. h3 Nb8 10. d4 Nbd7 11. Nbd2 c5 12. Nf1 Re8 13. Ng3 Bf8 14.
Nf5 Bb7 15. d5 c4 16. Bc2 Nc5 17. b4 cxb3 18. axb3 Bc8 19. b4 Ncd7 20. g4 Nb6 21.
g5 Nh5 22. Nh2 g6 23. Qf3 Nf4 24. Bxf4 exf4 25. Nd4 Qxg5+ 26. Kh1 Nc4 27. Rg1 Qf6 28. Ng4 Bxg4 29. Qxg4 Ne5 30. Qg2 f3 31. Qg3 Rec8 32. Bd1 Rxc3 33. Nxb5 Rc4 34. Qg5 Qxg5 35. Rxg5 Rxb4 36.
Nc3 Rc8 37. Na4 Rxe4 38. Nb6 Rc3 39. Rg1 Rh4 40. Kh2 Bh6 41. Kg3 Rd4 42. h4 Bf4+ 43. Kh3 Nd3 44. Bxf3 Ne5 45. Kg2 Nxf3 46. Rgb1 Nxh4+ 47. Kf1 Rh3 0-1

[Event "*** Titled Tuesday Blitz"]
[Site "Chess.com"]
[Date "2019.03.05"]
[Round "10"]
[White "diskeleven"]
[Black "Fivetrick"]
[Result "1-0"]
[WhiteElo "2286"]
[BlackElo "2420"]
[TimeControl "180+2"]
[EndTime "15:29:46 PST"]
[Termination "diskeleven won by resignation"]

1. d4 Nf6 2. c4 g6 3. Nc3 Bg7 4. e4 d6 5. f3 O-O 6. Bg5 c5 7. d5 e6 8. Qd2 exd5 9. cxd5 a6 10. a4 Nbd7 11. Nge2 Ne5 12. Ng3 Rb8 13. Be2 Bd7 14. a5 b5 15. axb6 Rxb6 16. O-O Bb5 17. Na4 Rb8 18. Rfb1 Re8 19. Bh6 Ned7 20. Bxg7 Kxg7 21. b4 Bxe2 22. Nxe2 cxb4 23. Rxb4 Qa5 24. Rd4 Qxd2 25. Rxd2 Rb3 26. Nd4 Rb4 27. Nc6 Rb5 28. Nc3 Rb3 29. Ne2 Nc5 30. Nc1 Rb6 31. Nd3 Nb3 32. Rb2 Rxc6 33.
Rxb3 Rc2 34. Rxa6 Rec8 35. Rxd6 Rd2 36. Rc6 Ra8 37. Rc1 Raa2 38. Ne1 Nh5 39. Rd3 Re2 40. g3 Rxh2 41. d6 Rag2+ 42. Nxg2 1-0

[Event "*** Titled Tuesday Blitz"]
[Site "Chess.com"]
[Date "2019.03.05"]
[Round "10"]
[White "LarissaSteenbekkers"]
[Black "DACF2905"]
[Result "1/2-1/2"]
[WhiteElo "2021"]
[BlackElo "2067"]
[TimeControl "180+2"]
[EndTime "15:29:48 PST"]
[Termination "Game drawn by repetition"]

1. e4 c5 2. Nf3 e6 3. d4 cxd4 4. Nxd4 a6 5. Nc3 Qc7 6. g3 Nf6 7.
Bg2 Bc5 8. O-O O-O 9. Be3 b5 10. a3 Bb7 11. Qd3 d6 12. Bg5 Nbd7 13. h3 h6 14. Be3 Ne5 15. Qe2 Nc4 16. Ndxb5 axb5 17. Nxb5 Qb6 18. Qxc4 Bxe3 19. fxe3 Qxe3+ 20. Kh2 Rac8 21. Qb4 Rxc2 22. Nxd6 Nh5 23. Qe1 Re2 24. Qc3 Qg5 25.
Nxb7 Re3 26. Qc7 e5 27. g4 Ng3 28. Rf3 Rxf3 29. Bxf3 Qf4 30. Kg2 h5 31. gxh5 Qg5 32. Kf2 Qh4 33. Kg2 Qg5 34. Bg4 Nxe4 35. Rf1 f5 36.
Qxe5 Qd2+ 37. Kg1 Qe3+ 38. Kg2 fxg4 39. Qe6+ Kh7 40. Qg6+ Kg8 41. Qe6+ Kh7 42. Qg6+ Kg8 43. Qe6+ Kh7 44. Qg6+ Kg8 45. Qe6+ Kh7 46. Qg6+ Kg8 1/2-1/2

[Event "*** Titled Tuesday Blitz"]
[Site "Chess.com"]
[Date "2019.03.05"]
[Round "10"]
[White "GrandGlacier"]
[Black "fyall777"]
[Result "1-0"]
[WhiteElo "2186"]
[BlackElo "2316"]
[TimeControl "180+2"]
[EndTime "15:29:52 PST"]
[Termination "GrandGlacier won by checkmate"]

1. e4 e5 2. Nf3 Nc6 3. Bb5 a6 4. Ba4 Nf6 5. d3 b5 6. Bb3 Be7 7. a4 Bb7 8. O-O O-O 9. axb5 axb5 10. Rxa8 Qxa8 11. Nc3 b4 12. Nd5 Nxd5 13. Bxd5 d6 14. c3 bxc3 15. bxc3 Nd8 16. Bxb7 Qxb7 17. Ba3 Ne6 18.
Nxe5 dxe5 19. Bxe7 Ra8 20. Qb1 Qa6 21. Bh4 Nf4 22. c4 Qa3 23. Bg3 Nxd3 24. Rd1 Nf4 25. Bxf4 exf4 26. h3 g6 27. Qb7 Qa5 28. Qd5 Qa4 29. e5 Re8 30. Re1 Qb4 31. Qe4 Qd2 32.
Kf1 Ra8 33. e6 Ra2 34. exf7+ Kxf7 35. Qe8+ Kg7 36. Qe7+ Kg8 37. Qe8+ Kg7 38. Re7+ Kh6 39. Qf8+ Kh5 40. Rxh7+ Kg5 41. Qe7+ Kf5 42. Rf7# 1-0

[Event "*** Titled Tuesday Blitz"]
[Site "Chess.com"]
[Date "2019.03.05"]
[Round "10"]
[White "Salem-AR"]
[Black "Man-Chuk"]
[Result "1-0"]
[WhiteElo "2921"]
[BlackElo "2770"]
[TimeControl "180+2"]
[EndTime "15:29:56 PST"]
[Termination "Salem-AR won on time"]

1. d4 Nf6 2. c4 e6 3. Nf3 d5 4.
Nc3 Bb4 5. Bg5 h6 6. Bxf6 Qxf6 7. e3 O-O 8. Rc1 c6 9. a3 Bd6 10. Qc2 Nd7 11. Bd3 Qe7 12. O-O a6 13. Rfd1 g6 14.
h3 f5 15. b4 Kg7 16. Rb1 Nf6 17. Ne5 Bd7 18. a4 Rfc8 19. Qb3 Be8 20. Ne2 Bxe5 21.
dxe5 Nd7 22. Qc3 a5 23. bxa5 Nc5 24. Bc2 Qc7 25. Rb6 Nd7 26. Rdb1 Nxb6 27. axb6 Qe7 28. c5 g5 29. Nd4 Bg6 30. f4 Ra6 31. a5 gxf4 32.
exf4 Kh7 33. Bd3 Raa8 34. a6 Rg8 35. axb7 Qxb7 36. Nxe6 Qe7 37. Nd4 Qh4 38. Qd2 Ra4 39. Bf1 Ra3 40. Qf2 1-0

[Event "*** Titled Tuesday Blitz"]
[Site "Chess.com"]
[Date "2019.03.05"]
[Round "10"]
[White "Gabrielian_Artur"]
[Black "JonahWillow"]
[Result "1-0"]
[WhiteElo "2742"]
[BlackElo "2680"]
[TimeControl "180+2"]
[EndTime "15:29:59 PST"]
[Termination "Gabrielian_Artur won by resignation"]

1. e4 c5 2. Nc3 Nc6 3. Bb5 Nd4 4. Bc4 a6 5. Nce2 b5 6. Bxf7+ Kxf7 7. Nxd4 cxd4 8.
Qh5+ g6 9. Qd5+ e6 10. Qxa8 Qc7 11. Nf3 Nf6 12. b4 Bb7 13. Qa7 Bxb4 14. Qxd4 Bc5 15. Qb2 Rc8 16. d3 Ng4 17. O-O Bxf2+ 18. Rxf2 Nxf2 19.
Kxf2 Qxc2+ 20. Qxc2 Rxc2+ 21. Bd2 d5 22. Rc1 Rxc1 23.
Bxc1 dxe4 24. dxe4 Kf6 25. Ke3 a5 26. Bb2+ Ke7 27. a3 b4 28. axb4 axb4 29. h4 Kd6 30. Kd4 Ba6 31. g3 Be2 32. Ne5 b3 33. Ba3+ Kc7 34. Kc3 Bd1 35. Bc5 Bc2 36. g4 Bxe4 37.
Kxb3 h6 38. g5 hxg5 39. hxg5 Kd8 40. Kc3 Ke8 41. Kd4 Bf5 42. Nc4 Bh3 43. Ke5 Bf1 44.
Nd6+ Ke7 45. Ne4+ Kf7 46. Bd6 Bc4 47. Nc5 Bd5 48. Na4 Bb3 49. Nb6 Ke8 50. Kf6 Bc2 51.
Kxe6 Kd8 52. Kf6 1-0

[Event "*** Titled Tuesday Blitz"]
[Site "Chess.com"]
[Date "2019.03.05"]
[Round "10"]
[White "JosefineHeinemann"]
[Black "jamengrand"]
[Result "0-1"]
[WhiteElo "2372"]
[BlackElo "2165"]
[TimeControl "180+2"]
[EndTime "15:30:07 PST"]
[Termination "jamengrand won by resignation"]

1. e4 d6 2. d4 Nf6 3. Nc3 Nbd7 4. Nf3 e5 5. Bc4 Be7 6. O-O O-O 7. Re1 a6 8. a4 b6 9. Qe2 Bb7 10. b3 c6 11. dxe5 dxe5 12. Bg5 b5 13. Bd3 Bb4 14.
Bd2 Qe7 15. Nb1 Bd6 16. c4 b4 17. Be3 Bc5 18. Bxc5 Nxc5 19. Nbd2 Rfd8 20. Bc2 Rd7 21. Nf1 Nh5 22. g3 Rad8 23. Ne3 g6 24. Rad1 Nf6 25.
Rxd7 Rxd7 26. Nf1 a5 27. h4 Qd6 28. Rd1 Qe7 29. Rxd7 Nfxd7 30. Qe3 Bc8 31. N1h2 Qe6 32. Ng5 Qd6 33. h5 f6 34. Ngf3 Nf8 35. hxg6 hxg6 36. Nf1 Bg4 37. N1d2 Kg7 38. Kg2 Nfe6 39. Kg1 Qd8 40.
Kg2 Qh8 41. Bd1 Qh3+ 42. Kg1 Qh5 43. Kg2 Qh6 44. Qxh6+ Kxh6 45. Kf1 Bxf3 46. Bxf3 Nd4 47. Bd1 f5 48. exf5 gxf5 49. f3 f4 50. gxf4 exf4 51.
Kf2 Kg5 52. Ne4+ Nxe4+ 53. fxe4 Kf6 0-1

[Event "*** Titled Tuesday Blitz"]
[Site "Chess.com"]
[Date "2019.03.05"]
[Round "10"]
[White "pedro_gines"]
[Black "NoGalloNoParty"]
[Result "0-1"]
[WhiteElo "2387"]
[BlackElo "2354"]
[TimeControl "180+2"]
[EndTime "15:30:11 PST"]
[Termination "NoGalloNoParty won by checkmate"]

1. Nf3 Nf6 2. b3 g6 3. Bb2 Bg7 4. g3 b6 5. Bg2 Bb7 6. O-O c5 7. c4 O-O 8. Nc3 d5 9. Nxd5 Nxd5 10.
Bxg7 Kxg7 11. cxd5 Bxd5 12. Qc2 Nc6 13. a3 Rc8 14. b4 Bxf3 15. Bxf3 Nd4 16. Qb2 f6 17. Bg4 f5 18. Bf3 e5 19. bxc5 Rxc5 20. Rfc1 Rxc1+ 21. Rxc1 Nxf3+ 22. exf3 Qd4 23. Qxd4 exd4 24.
Rc7+ Rf7 25. Rc8 Rd7 26. Kf1 d3 27. f4 Kf7 28. f3 Ke6 29. Kf2 Rd5 30. Ke3 Ra5 31.
Rc3 Ra4 32. Rxd3 h5 33. h4 b5 34. Rb3 a6 35. d3 Kd5 36. Rc3 Kd6 37. Kd2 Kd5 38. Kc2 a5 39. Kb3 Rd4 40. Kc2 Ra4 41.
Rb3 Kc5 42. Kc3 b4+ 43. axb4+ axb4+ 44. Kd2 Ra2+ 45. Ke3 Rg2 46. Rb1 Rxg3 47. Kf2 Rh3 48. Kg2 Rxh4 49. Kg3 g5 50. fxg5 Rd4 51. Rc1+ Kd6 52.
Rc8 h4+ 53. Kg2 Ke5 54. Kf2 b3 55. g6 Kf6 56. Rc6+ Kg7 57. Ke3 Rb4 58. Rc1 b2 59.
Rb1 Kxg6 60. f4 Kf6 61. Kd2 h3 62. Ke3 h2 63. Kf2 h1=Q 64. Rxh1 b1=Q 65. Rh6+ Kg7 66.
Rc6 Rb2+ 67. Ke3 Qg1+ 68. Kf3 Qh1+ 69. Ke3 Qxc6 70. Kd4 Rb4+ 71. Ke5 Rb5+ 72. Kd4 Qc5# 0-1

[Event "*** Titled Tuesday Blitz"]
[Site "Chess.com"]
[Date "2019.03.05"]
[Round "10"]
[White "zeitnot2006"]
[Black "TBergh98"]
[Result "1-0"]
[WhiteElo "2225"]
[BlackElo "2364"]
[TimeControl "180+2"]
[EndTime "15:30:13 PST"]
[Termination "zeitnot2006 won by checkmate"]

1. c4 e5 2. g3 h5 3. Nc3 h4 4. Bg2 d6 5. d3 h3 6. Bf3 c6 7. e4 Be7 8. Bg4 Nf6 9. Bxc8 Qxc8 10. Bg5 Nbd7 11. f3 Nc5 12. Nge2 Nfd7 13. Bxe7 Kxe7 14.
b4 Ne6 15. Qd2 f6 16. Kf2 a5 17. a3 Qc7 18. Qe3 g5 19. b5 Ndc5 20. Rab1 a4 21. Rb4 Rhg8 22. Rd1 Kf8 23. d4 Nd7 24. d5 Nec5 25. dxc6 bxc6 26. Qd2 Nb7 27. bxc6 Qxc6 28. Qd5 Qxd5 29. Nxd5 Nbc5 30. Nec3 Kf7 31. Nb5 Ra6 32.
Ndc7 Rc6 33. Nxd6+ Kg6 34. Ncb5 Nb6 35. Nf5 Nxc4 36.
Ne7+ Kf7 37. Nxc6 Na5 38. Nd6+ Kg6 39. Rb5 Nab3 40. Ne7+ Kg7 41. Nxg8 Kxg8 42. Rxc5 Nxc5 43. Nf5 Kf7 44. Rb1 Nb3 45. Rd1 Ke8 46. Rd6 Kf7 47. Ra6 Nc5 48. Ra5 Ne6 49. Ra7+ Kf8 50. Rxa4 Nc5 51.
Ra8+ Kf7 52. a4 Nd3+ 53. Kg1 Ne1 54. Kf2 Nd3+ 55. Kf1 Nc1 56. a5 Nb3 57. a6 Nd2+ 58. Ke2 Nc4 59. a7 Nb6 60. Rb8 Nd7 61. Rb7 Ke6 62.
Rxd7 g4 63. Re7# 1-0

[Event "*** Titled Tuesday Blitz"]
[Site "Chess.com"]
[Date "2019.03.05"]
[Round "10"]
[White "GremioPrudente"]
[Black "chesstatour"]
[Result "0-1"]
[WhiteElo "2047"]
[BlackElo "2026"]
[TimeControl "180+2"]
[EndTime "15:30:23 PST"]
[Termination "chesstatour won on time"]

1. Nf3 f5 2. d3 g6 3. e4 d6 4. Nc3 Bg7 5. g3 Nf6 6. Bg2 O-O 7. O-O e5 8. Bg5 h6 9. Bxf6 Qxf6 10.
Nd5 Qd8 11. c4 c6 12. Nc3 Qf6 13. exf5 gxf5 14. Nh4 Be6 15. Qh5 Qg5 16. Qxg5 hxg5 17. Nf3 Bf6 18. Rfe1 Nd7 19. Rad1 g4 20. Nd2 Nc5 21.
Nb3 Nxb3 22. axb3 Rae8 23. Na4 Bc8 24. Re2 f4 25. Be4 Kg7 26. Rde1 Bd7 27. Rc2 Be6 28. Nc3 Re7 29. Rcc1 Rd8 30. Ra1 d5 31. Bg2 f3 32.
Bf1 a6 33. Rad1 Bf5 34. Ra1 Rdd7 35. Ra5 Kg6 36. Raa1 e4 37. dxe4 dxe4 38. Ra5 Rd2 39. Nd1 Bxb2 40. Ra2 Bc1 41. Ra1 Rc2 42. Ne3 Bxe3 43.
Rxe3 Rd7 44. Rae1 Rdd2 45. c5 Rxf2 46. b4 Rfd2 47. Rb3 f2+ 0-1

[Event "*** Titled Tuesday Blitz"]
[Site "Chess.com"]
[Date "2019.03.05"]
[Round "10"]
[White "yuki_chess123"]
[Black "PowerThinking2650"]
[Result "0-1"]
[WhiteElo "2134"]
[BlackElo "2336"]
[TimeControl "180+2"]
[EndTime "15:30:25 PST"]
[Termination "PowerThinking2650 won by resignation"]

1. e4 e5 2. Nf3 Nc6 3. Bb5 a6 4. Bxc6 dxc6 5. Nc3 f6 6. d4 exd4 7. Nxd4 c5 8. Nde2 Qxd1+ 9. Nxd1 Bd7 10. Bf4 O-O-O 11.
Ne3 Ne7 12. O-O-O g5 13. Bg3 Bg7 14. h4 h6 15. hxg5 hxg5 16. Rxh8 Rxh8 17. Nc3 f5 18. exf5 Bd4 19. f6 Bxf6 20. Ncd5 Nxd5 21. Nxd5 Bd8 22. Nc3 Bc6 23. f3 g4 24. Ne4 gxf3 25. gxf3 b6 26. Rf1 Rh3 27. Be5 Bb5 28. Rf2 Bh4 29. Rg2 Rxf3 30.
Nc3 Bc6 31. Rg7 Bd8 32. Rg8 Kd7 33. a3 Rf1+ 34. Kd2 Rf2+ 35. Kc1 b5 36. Rg7+ Kc8 37. Rg6 Kb7 38. Rg7 b4 39. Nd1 Re2 40. Bf4 Be4 41. Bd2 Bf6 42. Rf7 Bg5 43. Bxg5 Rxc2+ 44. Kb1 Rf2+ 45.
Ka2 Rxf7 46. axb4 cxb4 47. Ne3 a5 48. Kb3 Kb6 49. Nc4+ Kb5 50. Ne5 Bd5+ 51. Kc2 Rf5 0-1

[Event "*** Titled Tuesday Blitz"]
[Site "Chess.com"]
[Date "2019.03.05"]
[Round "10"]
[White "chenrip"]
[Black "Vamostodorecto"]
[Result "0-1"]
[WhiteElo "2329"]
[BlackElo "2536"]
[TimeControl "180+2"]
[EndTime "15:30:28 PST"]
[Termination "Vamostodorecto won by resignation"]

1. e4 e6 2. d4 d5 3. Nc3 Bb4 4. e5 c5 5. a3 Bxc3+ 6. bxc3 Ne7 7. a4 b6 8. Qg4 Nf5 9. Bd3 h5 10. Qf3 cxd4 11. Bxf5 exf5 12. cxd4 Qc7 13. Ne2 Nc6 14. O-O h4 15. h3 Ba6 16. c3 Qd7 17. Ba3 Rh6 18.
Rfe1 O-O-O 19. a5 g5 20. axb6 axb6 21. Bd6 Kb7 22. Qe3 Rg6 23. Rxa6 Kxa6 24. Rb1 Na5 25. Qd3+ Nc4 26. Nc1 Kb7 27. Na2 Nxd6 28. exd6 Rxd6 29.
Nb4 Ra8 30. Re1 Re6 31. Rb1 g4 32. Kh2 Rg6 33. c4 g3+ 34. fxg3 Rxg3 35. Qe2 dxc4 36. Qxc4 Qd6 37. Kh1 Raa3 38. Qxf7+ Kb8 39. Qxf5 Rab3 40. Na6+ Ka7 41. Rc1 Kxa6 42. Qc8+ Ka5 43. Qa8+ Kb4 44. Qe4 Rxh3+ 45. Kg1 Rhe3 46. Qxh4 Qd5 47. Qf2 Rec3 48.
Rd1 Rc4 49. Qe1+ Kb5 50. Qe8+ Qc6 51. Qe5+ Kb4 52. d5 Qc5+ 53. Kh1 Rh4+ 0-1

[Event "*** Titled Tuesday Blitz"]
[Site "Chess.com"]
[Date "2019.03.05"]
[Round "10"]
[White "Nancy11111"]
[Black "PawnEatingZombie"]
[Result "1-0"]
[WhiteElo "2279"]
[BlackElo "2114"]
[TimeControl "180+2"]
[EndTime "15:30:29 PST"]
[Termination "Nancy11111 won on time"]

1. e4 e6 2. d4 d5 3. Nc3 Nf6 4.
Bg5 Bb4 5. e5 h6 6. Bc1 Nfd7 7.
Qg4 Bf8 8. Nge2 c5 9. f4 a6 10. Be3 Nc6 11. dxc5 Qa5 12. O-O-O Nxc5 13. Nd4 Bd7 14. Be2 Rc8 15. Kb1 Nxd4 16. Bxd4 b5 17. Bd3 b4 18. Ne2 Nxd3 19. cxd3 g6 20. b3 h5 21. Qf3 Be7 22. Bb2 Kf8 23. g3 Kg7 24. h3 Qb6 25. g4 h4 26. Rhg1 a5 27. f5 Bg5 28. Nd4 Rhf8 29. Rgf1 a4 30. Qf2 Qa6 31.
Bc1 Bxc1 32. Rxc1 Qxd3+ 33. Kb2 a3+ 34. Ka1 exf5 35. gxf5 Bxf5 36. Nxf5+ Qxf5 37. Qd4 Qe4 38. Qd2 Qxe5+ 39. Kb1 Qe4+ 40. Ka1 Qe5+ 41. Kb1 Rc3 42. Rfe1 Qf6 43. Rf1 Qe5 44. Rce1 Qd6 45. Qd4+ Kg8 46. Rf4 Rfc8 47. Rxh4 f6 48. Rg1 Kg7 49. Rhg4 Rc1+ 50. Rxc1 Qh2 51. Rxc8 Qb2+ 52. Qxb2 1-0

[Event "*** Titled Tuesday Blitz"]
[Site "Chess.com"]
[Date "2019.03.05"]
[Round "10"]
[White "DanielMieles1985"]
[Black "wonderfultime"]
[Result "0-1"]
[WhiteElo "2694"]
[BlackElo "2907"]
[TimeControl "180+2"]
[EndTime "15:30:31 PST"]
[Termination "wonderfultime won by checkmate"]

1. d4 Nf6 2. c4 e6 3. Nc3 Bb4 4. Qc2 d5 5. cxd5 exd5 6. Bg5 O-O 7. e3 h6 8. Bh4 c5 9. dxc5 g5 10. Bg3 Ne4 11. Bd3 Nc6 12. Ne2 Nxc3 13. bxc3 Bxc5 14.
h4 g4 15. Bf4 Qf6 16. Ng3 Re8 17. Nh5 Qe6 18. O-O Ne5 19. Rad1 Bd7 20. Bf5 Qc6 21.
Bxe5 Rxe5 22. Bxd7 Qd6 23. Bxg4 Kh8 24. Bf3 Rg8 25. Nf4 Qf6 26. Rxd5 Rxd5 27. Nxd5 Qxf3 28. Nf4 Qg4 29. Qe4 Bf8 30. Rd1 Qxd1+ 31. Kh2 Qg4 32. h5 Qh4+ 33. Kg1 Qf6 34. Qxb7 Bd6 35. Ne2 Qf5 36. g3 Qxh5 37. Nd4 Be5 38. Nf3 Bxc3 39. Kg2 Bf6 40. Qxa7 Qd5 41. Qa6 Kg7 42. g4 Ra8 43. Qb6 Rxa2 44. Kg3 Ra4 45. Nh4 Be5+ 46. f4 Bxf4+ 47. exf4 Ra3+ 48. Kh2 Ra2+ 49. Kg3 Ra3+ 50. Kh2 Qd2+ 51. Ng2 Ra2 52. Qc6 Qxf4+ 53. Kh3 Ra3+ 54.
Kh4 Qh2# 0-1

[Event "*** Titled Tuesday Blitz"]
[Site "Chess.com"]
[Date "2019.03.05"]
[Round "10"]
[White "StanislavNovikov"]
[Black "PotapovaM"]
[Result "0-1"]
[WhiteElo "2623"]
[BlackElo "2449"]
[TimeControl "180+2"]
[EndTime "15:30:31 PST"]
[Termination "PotapovaM won by resignation"]

1. e4 c5 2. Nf3 d6 3. d4 cxd4 4. Nxd4 Nf6 5. Nc3 a6 6. Bg5 e6 7. f4 h6 8. Bxf6 Qxf6 9. Qd2 Nc6 10. Nf3 g5 11. g3 gxf4 12. gxf4 h5 13. O-O-O Bh6 14.
Ng5 Ne5 15. h4 Bd7 16. Kb1 Ng4 17. Qxd6 Bc6 18. Bg2 Qe7 19. Qd4 Rg8 20. Bf3 f6 21.
Nh3 Kf7 22. f5 Be3 23. Qd3 Bh6 24. fxe6+ Qxe6 25. Nd5 Rad8 26. Qe2 Bb5 27. c4 Bc6 28. Nhf4 Qe5 29. Nd3 Qe6 30. Nc5 Qd6 31. Nd3 Qe6 32.
Rhg1 b5 33. e5 bxc4 34. Nc5 Qxe5 35. Qxc4 Kf8 36. Rge1 Qf5+ 37. Be4 Qf2 38. Nc7 Bb5 39. Rxd8+ Ke7 40. Qe6+ Kxd8 41. Qd6+ Kc8 42. Bb7+ Kb8 43.
N7xa6+ Ka7 44. Rc1 Bxc1 45. Kxc1 Qe1+ 46. Kc2 Ne3+ 47.
Kb3 Bc4+ 48. Ka3 Qd1 49. Na4 Qxd6+ 50. b4 Qd3+ 51. Kb2 Qc2+ 0-1

[Event "*** Titled Tuesday Blitz"]
[Site "Chess.com"]
[Date "2019.03.05"]
[Round "10"]
[White "VeraNebolsina"]
[Black "Bad4life"]
[Result "0-1"]
[WhiteElo "2333"]
[BlackElo "2462"]
[TimeControl "180+2"]
[EndTime "15:30:32 PST"]
[Termination "Bad4life won by resignation"]

1. e4 c5 2. Nc3 a6 3. Nf3 d6 4. g3 Nf6 5. Bg2 b5 6. e5 dxe5 7. Nxe5 Ra7 8. d3 e6 9. O-O Be7 10. a4 b4 11. Nb1 O-O 12. Nd2 Bb7 13. Ndc4 Bxg2 14. Kxg2 Kh8 15. Qf3 Qe8 16. b3 Nd5 17. Bb2 f6 18. Ng4 Qh5 19. Rae1 Qf7 20. h4 Nc6 21. h5 Qxh5 22. Rh1 Qf7 23. Nge3 Kg8 24. Qe4 f5 25. Qf3 Bf6 26. Nxd5 Bxb2 27. Nf4 Nd4 28. Qd1 Qb7+ 29. f3 Bc3 30. Ref1 Qf7 31. Rf2 Re7 32. Ne5 Qf6 33. Nc4 e5 34. Nd5 Qe6 35. Nxe7+ Qxe7 36. Qg1 f4 37. Qh2 h6 38. g4 Ne6 39. Qh5 Ng5 40. Qg6 Rf6 41. Qh5 Bd4 42. Re2 Qb7 43. Re4 Kf8 44. Rhe1 Nxe4 45. dxe4 g5 46. Rd1 Qd7 47.
Nxe5 Qe6 48. Nd3 Rf7 49. Rh1 Bg7 50. Qh2 c4 51. bxc4 Qxc4 52. Kh3 b3 53. Qd2 Bc3 54. Qc1 h5 55. Rd1 hxg4+ 56. fxg4 Qxe4 57. cxb3 Qf3+ 58. Kh2 Rh7+ 0-1

[Event "*** Titled Tuesday Blitz"]
[Site "Chess.com"]
[Date "2019.03.05"]
[Round "10"]
[White "TST2014"]
[Black "chessking2151"]
[Result "0-1"]
[WhiteElo "2516"]
[BlackElo "2597"]
[TimeControl "180+2"]
[EndTime "15:30:35 PST"]
[Termination "chessking2151 won on time"]

1. d4 Nf6 2. c4 e6 3. Nf3 d5 4. Nc3 c6 5. e3 Nbd7 6. Qc2 Bd6 7.
Be2 O-O 8. O-O dxc4 9. a4 e5 10.
Bxc4 Qe7 11. h3 a5 12. Rd1 e4 13. Nh4 Nb6 14. b3 g5 15. Nxe4 Qxe4 16. Qxe4 Nxe4 17. Nf3 Nxc4 18. bxc4 Be6 19. c5 Bc7 20. Ne1 Bb3 21. Rd3 Bc4 22. Rda3 b6 23.
cxb6 Bxb6 24. f3 Nf6 25. Rb1 Rab8 26. Rc3 Bd5 27. Nc2 Bc7 28. Ra1 Rb3 29. Ra3 Rb1 30.
Ra1 Rxa1 31. Nxa1 Rb8 32. e4 Rb1 33. exd5 Nxd5 34. Rxc6 Bf4 35. Nb3 Rxb3 36. Rc5 Rc3 37. Bxf4 Rxc5 38. dxc5 gxf4 39. Kf2 Kf8 40. Ke2 Nc3+ 41.
Kd3 Nxa4 42. c6 Ke7 43. Kc4 Kd6 44. Kb5 Nc3+ 45. Kxa5 Kxc6 46. Kb4 Nd1 47. Kc4 Ne3+ 48. Kd4 Nxg2 49. Ke5 Kc5 50. Kf6 h5 51. Kxf7 h4 52. Kg6 Kd4 53. Kf5 Ke3 54. Kg4 Kf2 0-1

[Event "*** Titled Tuesday Blitz"]
[Site "Chess.com"]
[Date "2019.03.05"]
[Round "10"]
[White "tunadrol"]
[Black "bootstar"]
[Result "0-1"]
[WhiteElo "2503"]
[BlackElo "2610"]
[TimeControl "180+2"]
[EndTime "15:30:44 PST"]
[Termination "bootstar won by resignation"]

1. e4 c5 2. Nf3 Nc6 3. d4 cxd4 4. Nxd4 e5 5. Nb5 d6 6. N1c3 a6 7. Na3 Be6 8. Nc4 Be7 9. Ne3 Nf6 10. Be2 O-O 11. O-O Rc8 12. Ned5 Nd4 13. Be3 Nxe2+ 14.
Qxe2 Nxd5 15. exd5 Bf5 16. a4 Qa5 17. Ra3 h6 18.
Rb3 Qc7 19. Bb6 Qd7 20. a5 Bg6 21. f3 Kh7 22. Rb4 f5 23. Bf2 Bd8 24. Ra1 Bf7 25.
Rc4 Bf6 26. Rb4 Rc7 27. Bb6 Rcc8 28. Qd3 Bg6 29. Ra3 Rfe8 30. Bf2 e4 31. fxe4 fxe4 32. Nxe4 Bxb2 33. Rab3 Qg4 34. Rxb2 Bxe4 35. Rxe4 Qxe4 36. Qxe4+ Rxe4 37. Kf1 Ra4 38. Bb6 Rac4 39. Be3 Rxc2 40. Rxb7 Rf8+ 41. Ke1 Re8 42. Rb3 Rxg2 43. Kf1 Rxh2 44.
Bd4 Rh4 45. Bb2 Rf4+ 46. Kg2 Re2+ 47. Kg3 Rf5 48. Rb7 Rg5+ 49. Kf3 Rd2 50. Bc3 Rdxd5 51.
Rb6 Rd3+ 52. Kf4 Rxc3 53. Rxa6 Rc4+ 54. Ke3 Rcc5 55. Rxd6 Rxa5 56. Rd4 Raf5 0-1